 Seeded DCSS version 0.31-a0-544-gceb718ecc6 (webtiles) character file.

Game seed: 3826825538972431165 (custom seed)

4 innerfire43 the Ruffian (level 1, 17/17 HPs)
             Began as a Gnoll Shapeshifter on Aug 15, 2023.
             Got out of the dungeon alive.
             The game lasted 00:00:23 (82 turns).

innerfire43 the Ruffian (Gnoll Shapeshifter)          Turns: 82, Time: 00:00:23

Health: 17/17      AC:  2    Str: 14    XL:     1   Next: 60%
Magic:  1/1        EV: 13    Int:  7    God:
Gold:   0          SH:  0    Dex: 12    Spells: 0/0 levels left

rFire   . .          .
                       - Unarmed
rCold   . . .        (no shield)
rNeg    . . .        a - +0 animal skin
rPois   .            (helmet currently unavailable)
rElec   .            (cloak currently unavailable)
rCorr   .            (gloves currently unavailable)
SInv    .            (boots currently unavailable)
Will    .....        (no amulet)
Stlth   +            (no ring)
HPRegen 0.22/turn    (no ring)
MPRegen 0.07/turn

%: no passive effects
@: beast-form
A: beast (slay +4), fangs 1, strong nose, distributed training
a: Begin Untransformation


You escaped.
You were a hulking beast.
You visited 1 branch of the dungeon, and saw 1 of its levels.

Inventory:

Armour
 a - a +0 animal skin (worn)
Talismans
 c - a beast talisman (active)
 d - a flux talisman
Scrolls
 e - a scroll of acquirement
 f - 2 scrolls of vulnerability {unknown}
Potions
 b - a potion of lignification


   Skills:
 + Level 2.4 Fighting
 + Level 0.1 Short Blades
 + Level 0.1 Long Blades
 + Level 0.1 Axes
 + Level 0.1 Maces & Flails
 + Level 0.1 Polearms
 + Level 0.1 Staves
 + Level 0.1 Ranged Weapons
 + Level 0.1 Throwing
 + Level 0.1 Armour
 + Level 4.4 Dodging
 + Level 0.1 Stealth
 + Level 0.1 Shields
 + Level 6.4 Unarmed Combat
 + Level 0.1 Spellcasting
 + Level 0.1 Conjurations
 + Level 0.1 Hexes
 + Level 0.1 Summonings
 + Level 0.1 Necromancy
 + Level 0.1 Translocations
 + Level 0.1 Transmutations
 + Level 0.1 Fire Magic
 + Level 0.1 Ice Magic
 + Level 0.1 Air Magic
 + Level 0.1 Earth Magic
 + Level 0.1 Poison Magic
 + Level 0.2 Invocations
 + Level 0.1 Evocations
 + Level 6.4 Shapeshifting


You couldn't memorise any spells.
You didn't know any spells.
Your spell library was empty.

Dungeon Overview and Level Annotations

Branches:
Dungeon (1/15)

Altars:


Innate Abilities, Weirdness & Mutations

You are a hulking beast.
Your limbs bulge with bestial killing power. (Slay +4)
You have very sharp teeth.
Your uncanny sense of smell can sniff out nearby items.
Your experience applies equally to all skills.


Message History

Found a stone staircase leading down.
You hit the plant.
The plant begins to die.
The plant is lightly damaged.
You punch the plant!
The plant begins to die.
You punch the plant.
The plant is lightly damaged.
A nearby plant withers and dies.
f - 2 scrolls labelled YDEX ANAPPA (gained 1)
A nearby plant withers and dies.
The frilled lizard hisses angrily.
A frilled lizard is nearby!
No reachable target in view!
A frilled lizard is nearby!
No reachable target in view!
A frilled lizard is nearby!
No reachable target in view!
A frilled lizard is nearby!
No reachable target in view!
Found 13 gold pieces.
The endoplasm hits the plant.
The plant begins to die.
The endoplasm quivers.
The frilled lizard bites the plant.
The plant begins to die.
The frilled lizard bites the plant.
The endoplasm hits the plant.
The plant begins to die.
A nearby plant withers and dies.
The endoplasm hits the plant.
The plant begins to die.
The frilled lizard bites the plant.
The endoplasm hits the plant.
The frilled lizard bites the plant.
The plant begins to die.
The endoplasm hits the plant.
A nearby plant withers and dies.
A nearby plant withers and dies.
A nearby plant withers and dies.
A nearby plant withers and dies.
You punch the endoplasm!
You kill the endoplasm!
You punch the frilled lizard!
You kill the frilled lizard!
You see here a frilled lizard corpse.
This is a scroll of acquirement!
Unknown command.
There is a staircase leading out of the dungeon here.
You have escaped! .PPP.PPP.PPPPP.P#.# PP.PPP.P.PPP.PPP.PP..# PP.PP.PPP.PP.PP.PPP..# .....PPPPP.....PPPP#.# .PP.PP.PPP.PP.PP.PPP..# .PPP.PPP.P.PPP.PPP.PP#.# .P.PPPPP.PPP.PPP.PPPPP.P#.# #.P.PPPPPP.PP.PP.PPPPPP.P# # #.P.PPPPPPP..h..PPPPPPP.P# #.P.PPPPPPPPP.PPPPPPPPP.P# #.P.PPPPPPPPP.PPPPPPPPP.P# #.PP..PPPPPP.P.PPPPPPP.PP# #.PPP.PPPPP.PPP.PPPPP.PPP##. ####.PP.......PPPPP.....PPPP...# ..$..PPPP..PPPPPPPPP...PPPPP#..# #.......†...............#...# #########...#####.........###

There were no monsters in sight!

Vanquished Creatures
  An endoplasm (D:1)
  A goblin (D:1)
  A ball python (D:1)
  A frilled lizard (D:1)
4 creatures vanquished.

Notes
Turn   | Place    | Note
-------+----------+-------------------------------------------
     0 | D:1      | innerfire43 the Gnoll Shapeshifter began the quest for the
                  | Orb.
     0 | D:1      | Reached XP level 1. HP: 17/17 MP: 1/1
    72 | D:1      | Identified a scroll of acquirement
    82 | D:$      | Got out of the dungeon alive.

Illustrated notes

Levels and vault maps discovered:
D:1:      roderic_crop_circles_arrival_large, layout_basic

Action                     || total
---------------------------++-------
  Melee: Unarmed           ||     7
         Punch             ||     1
 Armour: Animal skin       ||     2
  Dodge: Dodged            ||     1

Table legend: (Time is in decaauts)
 A = Elapsed time spent in this place.
 B = Non-inter-level travel time spent in this place.
 C = Inter-level travel time spent in this place.
 D = Time resting spent in this place.
 E = Time spent auto-exploring this place.
 F = Levels seen in this place.
 G = Mean time per level.
                   A        B        C        D        E       F      G
               +--------+--------+--------+--------+--------+-----+--------+
         Total |     81 |     72 |      9 |      0 |     33 |   1 |   81.0 |
       Dungeon |     81 |     72 |      9 |      0 |     33 |   1 |   81.0 |
               +--------+--------+--------+--------+--------+-----+--------+

Top non-repeatable levels by time:
     D:1: 81 daAuts
